Unix xNetHack Version 8.0.0 - last build Jan 14 2024 16:46:22 (be4d3c81716514284228e1a23197c27ddb32b841). Game began 2024-03-17 05:29:54, ended 2024-03-17 05:57:56. Catomat, neutral female human Wizard ------+----- |..........| |......*...| |.......<..| |...........#####@# ------------ Catomat the Conjurer St:11 Dx:12 Co:10 In:18 Wi:11 Ch:14 Neutral S:848 Dlvl:4 $:66 HP:0(29) Pw:44(44) AC:10 Xp:4/158 T:1106 Latest messages: In what direction? The spell hits the jackal! You kill the jackal! The jackal bites! In what direction? The spell hits the jackal! You kill the jackal! There are two objects here. There is a jackal corpse here; eat it? [ynq] (n) This jackal corpse tastes delicious! You hear the footsteps of a guard on patrol. You finish eating the jackal corpse. # You can't open anything -- you have no hands! You are too small to do any kicking. $ - 9 gold pieces {0} (66 in total). In what direction? The door crashes open! You hear a crumbling sound. You hear water falling on coins. You see here 36 rocks. You are too small to do any kicking. In what direction? The door crashes open! Where do you want to travel to? (For instructions type a '?') That door is closed. In what direction? The door crashes open! Where do you want to travel to? (For instructions type a '?') You hear someone counting gold coins. You descend the stairs. You hear a nearby zap. The magic missile hits you! # Are you sure you want to pray? [yn] (n) You begin praying to Thoth. You hear a nearby zap. The magic missile hits you! You return to human form! You hear a nearby zap. The magic missile hits you! Wizard, your life force is running out. You hear a nearby zap. The magic missile hits you! You die... Do you want your possessions identified? [ynq] (y) Do you want to see your attributes? [ynq] (y) Do you want an account of creatures vanquished? [ynaq] (y) Inventory: Inventory: 13/575 weight (2/52 slots) Coins $ - 66 gold pieces {1} Comestibles h - an uncursed tripe ration {10} Tools g - an uncursed blindfold {2} Catomat the Wizard's attributes: Background: You were a Conjurer, a level 4 female human Wizard. You were neutral, on a mission for Thoth who was opposed by Ptah (lawful) and Anhur (chaotic). You were heterosexual. You were in the Dungeons of Doom, on level 4. You entered the dungeon 1106 turns ago. It was nighttime. You had 158 experience points, 2 more were needed to attain level 5. Your score was 848 before end-of-game adjustments. Basics: You had 0 out of 29 hit points. You had all 44 energy points (spell power). Your armor class was 10. Your wallet contained 66 zorkmids. Autopickup was on for '$"?!=/' plus thrown. Final Characteristics: Your strength was 11 (limit:18/100). Your dexterity was 12 (limit:18). Your constitution was 10 (limit:18). Your intelligence was 18 (limit:18). Your wisdom was 11 (limit:18). Your charisma was 14 (limit:18). Final Status: You were not hungry. You were unencumbered. You were bare handed. You were unskilled in bare handed combat. You were not wearing any armor. Final Attributes: You were haltingly aligned. You were level-drain resistant. You were a wererat. You were harmed by silver. You were unlucky. You are dead. Miscellaneous: You never encountered a bones level. Total elapsed playing time was 27 minutes and 58 seconds. Major events: Turn 1: Catomat the neutral female human Wizard entered the dungeon 403: attained the rank of Conjurer (level 3) 477: read a Discworld novel 1106: killed by a magic missile zapped by a werejackal, while praying Vanquished creatures: a small mimic a shrieker a kitten an orc zombie a wererat a werejackal 3 iguanas a yellow mold 7 jackals a goblin 2 sewer rats 3 grid bugs 5 lichens 2 kobold zombies 5 newts 35 creatures vanquished. No species were genocided or became extinct. Voluntary challenges: You read items or engraved 1 time. You never genocided any monsters. You never polymorphed an object. You never touched an artifact. You used no wishes. You never scared an enemy with impunity. You were celibate. You never generated conflict. Achievements: You entered a shop. You attained the rank of Conjurer. You read from a Discworld novel. Dungeon overview: The Dungeons of Doom: levels 1 to 4 Level 1: "vault" A fountain. Level 2: A scroll shop. Level 3: "vault" An altar to Thoth, a fountain. Level 4: <- You were here. Final resting place for you, killed by a magic missile zapped by a werejackal, while praying. Game over: __________ / \ / REST \ / IN \ / PEACE \ / \ | Catomat | | 66 Au | | killed by a | | magic missile | | zapped by a | | werejackal | | 2024 | *| * * * | * _________)/\\_//(\/(/\)/\//\/|_)_______ Goodbye Catomat the Wizard... You died in The Dungeons of Doom on dungeon level 4 with 842 points, and 66 pieces of gold, after 1106 moves. You were level 4 with a maximum of 29 hit points when you died.